Map: Port Aleksander LE

Players

Epic - Winner!

  • Race: Terran Terran
  • League: Grandmaster
  • Spawn Location: 11:00

ExpecT

  • Race: Terran Terran
  • Spawn Location: 5:00

Event: 2019 WCS Winter Americas

VOD

Have the link to the VOD?

Description

Time

  • Played on: Feb. 1, 2019, 3:10 p.m.
  • Length: 5:43

All games in this series

Show
View Real Time Build Order
Export as new Build Order

Epic Terran - Winner!

Build Orders:  

Get SALT Encoding   

  12  0:00  SCV  
  13  0:12  SCV  
  14  0:18  Supply Depot  
  14  0:24  SCV  
  15  0:29  Refinery  
  15  0:39  SCV  
  16  0:45  Barracks  
  16  0:51  SCV  
  16  0:56  Refinery  
  17  1:03  SCV  
  18  1:15  SCV  
  20  1:33  Reaper  
  20  1:34  Orbital Command  
  20  1:41  Factory  
  20  1:53  Supply Depot  
  20  2:00  SCV  
  21  2:05  Reaper  
  22  2:12  SCV  
  23  2:24  SCV, Hellion  
  27  2:37  SCV, Reaper  
  27  2:48  Hellion  
  29  2:52  SCV  
  30  3:00  Supply Depot  
  30  3:03  Command Center  
  30  3:04  SCV  
  31  3:12  Starport  
  31  3:14  Barracks Reactor  
  31  3:17  Factory Tech Lab  
  31  3:22  SCV  
  32  3:34  SCV  
  33  3:37  Siege Tank  
  36  3:41  Supply Depot  
  36  3:46  SCV  
  33  3:48  Medivac  
  39  4:02  Marine  
  39  4:03  SCV, Supply Depot  
  39  4:09  Siege Tank  
  44  4:15  Orbital Command  
  44  4:16  SCV  
  45  4:18  Marine  
  45  4:23  Marine  
  47  4:29  Medivac  
  47  4:30  SCV  
  50  4:36  Marine  
  51  4:41  SCV, Marine  
  51  4:42  SCV  
  54  4:50  Factory Tech Lab  
  54  4:54  Marine  
  54  4:56  SCV x2  
  54  4:59  Marine  
  58  5:08  SCV  
  58  5:17  Marine x2  
  51  5:23  SCV x2  
Show
View Real Time Build Order
Export as new Build Order

ExpecT Terran 

Build Orders: Liberator Opening 

Get SALT Encoding   

  12  0:00  SCV  
  13  0:13  SCV  
  14  0:18  Supply Depot  
  14  0:26  SCV  
  15  0:30  Refinery  
  15  0:39  SCV  
  16  0:45  Barracks  
  16  0:52  SCV  
  17  1:04  SCV  
  18  1:16  SCV  
  20  1:34  Reaper  
  20  1:35  Orbital Command  
  20  1:45  Command Center  
  20  1:57  Factory  
  20  2:00  SCV  
  21  2:09  Reaper  
  22  2:16  SCV, Supply Depot  
  22  2:19  Refinery  
  23  2:36  SCV  
  25  2:44  Hellion  
  25  2:48  SCV  
  26  2:56  Reaper  
  25  3:00  SCV  
  25  3:04  Starport  
  28  3:05  Hellion  
  28  3:10  Orbital Command  
  28  3:20  SCV  
  28  3:24  Liberator  
  29  3:27  Factory Tech Lab  
  29  3:29  Orbital Command  
  29  3:32  SCV  
  30  3:34  Marine  
  30  3:39  Supply Depot  
  30  3:45  SCV  
  33  3:51  Cyclone  
  33  3:52  Marine  
  37  3:56  SCV  
  37  3:57  SCV  
  37  3:59  Supply Depot  
  39  4:09  SCV  
  40  4:10  SCV  
  40  4:11  Barracks  
  41  4:19  Barracks Reactor  
  41  4:22  SCV x2  
  43  4:27  Engineering Bay  
  43  4:28  Siege Tank  
  46  4:34  SCV  
  46  4:35  SCV  
  48  4:41  Viking  
  50  4:47  SCV x2  
  52  4:53  Supply Depot  
  52  5:02  Marine x2  
  52  5:04  SCV x2  
  47  5:18  SCV x2  
  47  5:20  Marine x2  
Tags
 
Add a new tag
Caveats
  • Supply blocks, unpowered buildings, or Contaminate may cause inaccurate times.
  • Supply counts are checked every 10 seconds.